Map: Dusk Towers

Players

LilDicky

  • Race: Terran Terran
  • League: Platinum

LazyLotuS - Winner!

  • Race: Terran Terran
  • League: Platinum

VOD

http://www.twitch.tv/tumescentpie

Description

Time

  • Played on: Nov. 20, 2015, 10:02 p.m.
  • Length: 17:50
Show
View Real Time Build Order
Export as new Build Order

LilDicky Terran 

Build Orders: Reaper Expand 

Get SALT Encoding   

  12  0:03  SCV  
  13  0:16  SCV  
  13  0:19  Supply Depot  
  14  0:28  SCV  
  14  0:33  Refinery  
  15  0:41  SCV  
  16  0:45  Barracks  
  16  0:53  SCV  
  17  1:05  SCV  
  18  1:17  SCV  
  19  1:32  Reaper  
  20  1:35  Orbital Command  
  20  1:45  Command Center  
  20  1:59  Factory  
  20  2:10  Marine  
  19  2:33  SCV  
  20  2:38  Marine  
  20  2:45  Hellion  
  18  3:00  SCV  
  18  3:05  Marine  
  15  3:14  Hellion  
  17  3:27  SCV  
  19  3:39  SCV  
  19  3:41  Orbital Command  
  19  3:50  Marine  
  19  3:51  SCV  
  19  3:52  Hellion  
  23  4:03  SCV  
  24  4:13  SCV, Marine  
  24  4:14  Refinery, Starport  
  24  4:27  Hellion  
  26  4:31  Marine  
  23  4:46  SCV x2  
  23  4:48  Hellion  
  23  4:49  Marine  
  28  5:07  Marine  
  29  5:16  Starport Tech Lab  
  29  5:18  Hellion  
  29  5:19  SCV  
  32  5:21  SCV  
  32  5:25  Marine  
  34  5:31  SCV  
  34  5:33  SCV  
  34  5:36  Banshee  
  34  5:38  Cloaking Field  
  37  5:43  SCV  
  38  5:50  Supply Depot  
  38  6:00  Supply Depot  
  38  6:01  Factory Reactor  
  38  6:06  Supply Depot  
  38  6:11  SCV x2, Marine  
  41  6:23  SCV x2  
  35  6:50  Marine  
  35  6:52  SCV, Hellion x2  
  35  6:53  SCV  
  38  7:05  SCV x2  
  38  7:08  Command Center, Barracks, Marine  
  40  7:09  Barracks  
  41  7:17  SCV x2  
  41  7:20  Hellion  
  41  7:21  Banshee, Hellion  
  50  7:36  SCV  
  51  7:41  Hellion  
  51  7:42  Hellion  
  55  7:48  Marine  
  53  7:52  SCV x2  
  55  7:59  Barracks Tech Lab x2  
  55  8:02  Refinery  
  55  8:03  Hellion x2, Refinery  
  55  8:04  SCV x2  
  61  8:06  Marine  
  62  8:16  Banshee  
  57  8:21  Marine  
  57  8:22  Marine  
  57  8:23  SCV  
  57  8:24  Hellion, Marine  
  57  8:25  Combat Shields, Hellion  
  57  8:26  Stimpack  
  65  8:30  SCV  
  65  8:31  Orbital Command  
  65  8:32  Barracks  
  64  8:39  Marine x2  
  61  8:51  Hellion x2  
  62  8:57  Marine x2  
  63  9:05  Barracks Reactor, Banshee  
  63  9:06  SCV x2  
  63  9:07  SCV  
  69  9:16  Marauder x2  
  73  9:18  Supply Depot, SCV x2  
  73  9:19  SCV  
  73  9:23  Barracks Reactor  
  76  9:24  Barracks  
  76  9:25  Barracks x2  
  76  9:30  SCV  
  77  9:33  Engineering Bay  
  77  9:34  Engineering Bay  
  77  9:39  Armory, Widow Mine x2  
  77  9:40  SCV, Marine x2  
  70  10:04  Marine x3  
  70  10:06  Banshee  
  76  10:08  Widow Mine x2  
  80  10:25  Marine x2  
  80  10:26  Barracks Reactor x2  
  75  10:43  Hellion  
  75  10:49  Marine  
  66  10:51  Marine, Marauder x2  
  66  10:56  Terran Infantry Weapons Level 1, Supply Depot  
  73  10:57  Terran Infantry Armor Level 1, Concussive Shells  
  72  11:10  Terran Vehicle And Ship Armor Level 1  
  72  11:12  Marauder x2, Marine x3  
  72  11:16  Barracks  
  72  11:17  Barracks  
  72  11:18  Barracks x3  
  79  11:19  Barracks  
  79  11:20  Marine x2  
  81  11:30  Command Center  
  78  11:40  Marine x2  
  78  11:41  Medivac x2, Marauder x2  
  88  11:49  SCV x2  
  88  11:51  Barracks, Marine x2  
  88  11:52  Marine  
  93  12:02  Factory Tech Lab  
  93  12:04  Supply Depot x2  
  93  12:05  Supply Depot, Marine  
  93  12:08  Supply Depot, Marine  
  93  12:23  Marine  
  93  12:24  Marine  
  84  12:35  Marine x3  
  84  12:36  Barracks Tech Lab x3, Marauder x2  
  76  12:37  Barracks Reactor x3  
  76  12:38  Marine x2  
  76  12:40  SCV x2, Marine  
  76  12:41  Marine  
  76  12:42  Marine, Medivac x2  
  76  12:43  Siege Tank  
  76  12:44  Orbital Command  
  88  12:52  Marine  
  88  12:53  Marine x2  
  88  12:54  Marine  
  88  12:56  Terran Infantry Armor Level 2, Terran Infantry Weapons Level 2, Marine x2  
  88  12:57  Marauder  
  96  12:59  Supply Depot  
  96  13:00  Supply Depot  
  96  13:06  Marine x2  
  96  13:08  Marine  
  96  13:12  Medivac  
  101  13:13  Refinery x2, Starport  
  101  13:19  Missile Turret, Marine x2  
  105  13:20  Marauder x2  
  105  13:21  Command Center  
  103  13:40  Marine  
  103  13:41  Marine x13  
  102  13:42  Marauder x3, Marine  
  102  13:43  Marauder  
  124  13:58  Marine  
  124  13:59  Starport Reactor, Marine x2  
  124  14:00  Marauder x2  
  124  14:02  Siege Tank  
  134  14:04  Marauder x3  
  134  14:08  Supply Depot  
  140  14:12  Supply Depot  
  140  14:16  Marine x2  
  142  14:17  Factory, Marauder  
  142  14:21  Marauder  
  142  14:22  Marauder  
  131  14:40  Marine  
  131  14:42  Marauder  
  122  14:48  Marine  
  122  14:49  Marauder x2, Marine x2  
  122  14:50  Marine x2  
  122  14:51  Medivac x3, Marauder  
  139  14:56  Planetary Fortress  
  139  14:59  Marine  
  140  15:07  Marine  
  140  15:08  Marauder x2  
  140  15:10  Factory Tech Lab  
  140  15:11  Supply Depot, Widow Mine  
  114  15:53  Marine  
  114  15:54  Marine x2  
  114  15:55  Marine  
  114  15:56  Marine  
  114  15:57  Marauder x3  
  105  16:01  Marine  
  105  16:02  Marine  
  105  16:03  Marauder  
  90  16:14  Command Center  
  90  16:18  SCV x4  
  88  16:20  SCV  
  88  16:23  Supply Depot, Marine x4  
  88  16:24  Marauder x3  
  88  16:25  Medivac, Marauder x2  
  105  16:30  SCV  
  106  16:37  Refinery x2, Marine x2  
  106  16:38  Marauder, Marine x3  
  113  16:44  Refinery x2  
  113  16:46  Marauder x4  
  124  16:47  Siege Tank  
  124  16:51  Marine  
  124  16:52  Marine x8  
  133  16:54  Marine  
  133  16:55  Marine  
  133  16:56  Marine  
  136  17:01  Sensor Tower  
  101  17:24  Marine  
  101  17:25  Marine x6  
  84  17:30  Marine x2  
  84  17:31  Marine x2  
  84  17:32  Marine  
Show
View Real Time Build Order
Export as new Build Order

LazyLotuS Terran - Winner!

Build Orders: Reaper Expand 

Get SALT Encoding   

  12  0:08  Supply Depot  
  12  0:18  Refinery  
  12  0:34  Barracks  
  12  0:52  Barracks  
  12  0:59  SCV  
  13  1:11  SCV  
  14  1:21  Reaper  
  16  1:25  SCV  
  16  1:37  SCV  
  17  1:40  Reaper  
  18  1:49  SCV  
  18  1:54  Reaper  
  19  2:21  Reaper  
  20  2:26  Reaper  
  21  2:51  SCV  
  21  2:53  Reaper  
  20  3:20  Reaper  
  20  3:21  Orbital Command  
  20  3:25  Reaper  
  20  3:26  Command Center  
  22  3:29  Supply Depot  
  22  3:30  Barracks  
  22  3:37  Refinery  
  22  3:47  SCV  
  23  3:52  Reaper  
  23  4:07  Reaper  
  24  4:10  SCV  
  25  4:19  Command Center  
  23  4:42  Orbital Command  
  23  4:45  SCV  
  23  4:47  Factory, Reaper  
  23  4:48  Reaper  
  22  5:18  SCV  
  22  5:19  Orbital Command  
  23  5:30  SCV  
  23  5:33  Orbital Command  
  23  5:34  Factory Tech Lab  
  24  5:35  Barracks Tech Lab  
  24  5:36  Barracks Reactor  
  24  5:45  SCV x2, Engineering Bay  
  24  5:48  Engineering Bay  
  26  5:51  Barracks Reactor  
  26  5:55  Stimpack  
  26  5:59  Siege Tank  
  26  6:02  SCV  
  26  6:03  SCV  
  31  6:08  SCV  
  32  6:12  Terran Infantry Weapons Level 1  
  32  6:14  SCV  
  33  6:20  Terran Infantry Armor Level 1  
  33  6:21  SCV x2, Refinery  
  33  6:24  Marine x2  
  37  6:26  SCV  
  36  6:40  Marine x2  
  36  6:42  Marine x2  
  40  6:56  Marine  
  40  6:58  Marine  
  37  7:11  Missile Turret  
  37  7:12  Marine  
  37  7:13  Marine x2  
  36  7:16  SCV x3  
  38  7:25  Missile Turret  
  38  7:27  Marine x2  
  38  7:28  SCV  
  37  7:30  Marine  
  38  7:47  SCV  
  38  7:51  Missile Turret  
  38  7:52  Siege Tank  
  38  7:53  Marine x4  
  45  7:59  SCV  
  46  8:12  SCV  
  47  8:13  Marine x4  
  47  8:15  Armory  
  49  8:23  SCV, Marauder  
  49  8:24  SCV  
  53  8:29  SCV  
  50  8:36  SCV  
  46  8:54  Marine x4  
  47  8:56  Siege Tank, Marauder  
  47  8:57  SCV  
  47  8:58  SCV x2  
  55  9:12  Orbital Command, Marine x4  
  55  9:15  SCV x2  
  61  9:20  Supply Depot  
  61  9:23  Supply Depot  
  61  9:34  Terran Infantry Weapons Level 2, Starport  
  61  9:37  Terran Infantry Armor Level 2  
  61  9:41  SCV x3, Siege Tank, Marine  
  63  9:53  Missile Turret  
  63  9:54  Marine x2  
  63  9:55  Marine x2  
  61  10:15  Marine x4  
  61  10:16  Marauder  
  65  10:26  Viking  
  65  10:27  Siege Tank  
  67  10:48  Marine x4  
  67  10:49  SCV, Marauder  
  68  10:50  SCV x2  
  68  10:56  Medivac  
  72  10:59  Command Center  
  72  11:02  SCV x3  
  75  11:05  Marine  
  75  11:06  Barracks  
  75  11:08  Barracks  
  75  11:09  Barracks  
  76  11:13  Supply Depot x2  
  76  11:14  SCV  
  76  11:16  Supply Depot x2  
  77  11:18  SCV x2, Siege Tank  
  74  11:43  SCV x3  
  74  11:44  Marine  
  74  11:45  Marine x3  
  74  11:46  Marauder  
  86  11:54  Siege Tank  
  86  11:56  Starport Reactor  
  86  11:58  Terran Infantry Weapons Level 3  
  86  12:02  Terran Infantry Armor Level 3  
  86  12:03  Marine x4  
  90  12:14  Barracks Reactor  
  90  12:15  Barracks Reactor, Orbital Command  
  90  12:17  Marine  
  90  12:20  Barracks Reactor  
  90  12:22  SCV x2, Refinery, Marine x2  
  82  12:34  Marine x2  
  77  12:39  Marauder  
  77  12:40  Combat Shields  
  77  12:42  SCV x3  
  77  12:44  Marine x2  
  83  12:51  Marine x4  
  84  12:56  Barracks  
  88  13:00  Marine x4  
  88  13:02  Barracks, Marauder  
  88  13:03  Barracks  
  94  13:05  Marine x2  
  94  13:09  Medivac x2  
  94  13:10  Marine x3  
  94  13:11  Marine  
  104  13:17  Siege Tank  
  104  13:18  Marine  
  108  13:23  Supply Depot, Marine x2  
  108  13:24  Marine x2  
  108  13:26  Supply Depot  
  112  13:28  Supply Depot  
  95  13:38  Marine x5  
  95  13:39  Marine  
  95  13:40  Marauder  
  91  13:45  Medivac x2  
  95  13:54  Supply Depot  
  95  13:56  Barracks Reactor  
  95  13:57  Barracks  
  95  13:58  Barracks Reactor  
  95  13:59  Barracks Reactor  
  95  14:02  Marine x6  
  99  14:03  Marine x4  
  99  14:05  Marine  
  99  14:09  Siege Tank  
  100  14:26  Marine x6  
  100  14:27  Marine x5  
  110  14:40  Marine x3  
  110  14:41  Marine  
  112  14:47  Viking x2, Marine x3  
  112  14:48  Marine x6  
  112  14:49  Marine  
  112  14:50  Marauder  
  128  15:10  Marine  
  128  15:11  Marauder, Marine x7  
  128  15:12  Marine x4  
  142  15:34  Marine x8  
  142  15:35  Marine x7  
  154  15:36  Marine  
  154  15:37  Marauder  
  110  16:15  Marine x5  
  110  16:16  Medivac  
  110  16:17  Medivac  
  110  16:18  Siege Tank, Marine x5  
  117  16:19  Marine x6  
  117  16:20  Marauder  
  129  16:27  Orbital Command  
  129  16:30  Command Center  
  129  16:33  Marine x3  
  132  16:41  Marine x2  
  132  16:42  Marine x4  
  132  16:43  Marine  
  139  16:52  Marine x5  
  139  16:53  Marine  
  145  17:05  Marine x3  
  148  17:10  Marine  
  148  17:12  Marine x2  
  148  17:14  Marine x2  
  148  17:20  Marine  
  148  17:22  Marine x5  
  148  17:23  Marine  
Tags
 
Add a new tag
Caveats
  • Supply blocks, unpowered buildings, or Contaminate may cause inaccurate times.
  • Supply counts are checked every 10 seconds.